 Dungeon Sprint DCSS version 0.18.1-50-g88ac8fd (webtiles) character file.

751 Kagutsuchi the Fighter (level 7, 0/109 HPs)
             Began as a Pale Draconian Berserker on Oct 26, 2016.
             Was a Priest of Trog.
             Slain by a boulder beetle (34 damage)
             ... in the Dungeon (Sprint II: "The Violet Keep of Menkaure").
             The game lasted 00:01:43 (852 turns).

Kagutsuchi the Fighter (Pale Draconian Berserker)    Turns: 852, Time: 00:01:44

Health: 0/109      AC:  6    Str: 24    XL:     7   Next: 49%
Magic:  7/7        EV: 17    Int:  7    God:    Trog [***...]
Gold:   521        SH:  0    Dex: 13    Spells: 0 memorised, 6 levels left

rFire  . . .     SeeInvis .     a - +0 falchion
rCold  . . .     Gourm    .     (armour unavailable)
rNeg   . . .     Faith    .     (no shield)
rPois  .         Spirit   .     (helmet restricted)
rElec  .         Dismiss  .     (no cloak)
rCorr  .         Reflect  .     (no gloves)
SustAt .         Harm     .     (no boots)
MR     .....     NoTele   +     (no amulet)
Stlth  ..........               (no ring)
                                (no ring)

@: berserking, very quick, not resistant to hostile enchantments, extremely
unstealthy
A: breathe steam, unfitting armour, cold-blooded, AC +6
a: Breathe Steam, Berserk, Trog's Hand, Burn Spellbooks, Renounce Religion


You were in the Dungeon.
You worshipped Trog.
Trog was most pleased with you.
You were not hungry.

You visited 1 branch You collected 729 gold pieces.
You spent 208 gold pieces at shops.

Inventory:

Hand Weapons
 a - a +0 falchion (weapon)
Scrolls
 h - a scroll of blinking
Potions
 b - 2 potions of curing
 e - 2 potions of haste
 f - 2 potions of magic
 g - a potion of berserk rage


   Skills:
 + Level 10.8 Fighting
 + Level 10.1 Long Blades
 + Level 9.2 Dodging


You had 6 spell levels left.
You didn't know any spells.

Dungeon Overview and Level Annotations

Branches:
Dungeon (1/1)

Altars:

Shops:
D :?:*(=}[=%(!![=?

Annotations:
D exclusion: oklob plant


Innate Abilities, Weirdness & Mutations

You can breathe blasts of scalding, opaque steam.
Your pale cyan-grey scales are hard (AC +6).
Your body does not fit into most forms of armour.
You are cold-blooded and may be slowed by cold attacks.


Message History

You feel somewhat more hungry.
The boulder beetle completely misses you.
You hit the boulder beetle.
You tail-slap the boulder beetle, but do no damage.
The boulder beetle is lightly wounded.
The boulder beetle closely misses you.
You hit the boulder beetle.
The boulder beetle is lightly wounded.
The boulder beetle closely misses you.
You hit the boulder beetle but do no damage.
The boulder beetle is lightly wounded.
You slash the boulder beetle!
The boulder beetle is moderately wounded.
The boulder beetle bites you!!
You hit the boulder beetle.
The boulder beetle is moderately wounded.
You hit the boulder beetle.
The boulder beetle is moderately wounded.
The boulder beetle bites you!!
You die...

# ≈## ##########≈≈#+++
#########≈≈≈...
∩.......#≈≈≈≈.## ##
.∩.....∩#≈≈≈≈##. .##
∩.∩...∩.#≈≈≈≈#.. ..#
.∩.∩.∩.∩#≈≈####B#B####
..∩.∩.∩.#≈##.###@# #.##
...∩.∩..#≈#...##.###..#
....⌠...'≈'.#)'.<.'.##+
........#≈#...##.###..#
▓▓▓▓▓▓###≈##.###'## .##
?HH######≈≈####.#.####
!Hh# ##≈≈≈#.###.# ∩Ph+
+#≈## #.## !.) ≈≈# +##


You could see 2 boulder beetles.

Vanquished Creatures
  A siren (D)
  2 hippogriffs (D)
  A crocodile (D)
  4 worker ants (D)
8 creatures vanquished.

Vanquished Creatures (others)
  Menkaure (D)
  A crocodile (D)
2 creatures vanquished.

Grand Total: 10 creatures vanquished

Notes
Turn   | Place    | Note
--------------------------------------------------------------
     0 | D        | Kagutsuchi the Draconian Berserker began the quest for the Orb.
     0 | D        | Reached XP level 1. HP: 19/19 MP: 1/1
     1 | D        | Noticed a worker ant
     1 | D        | Noticed a worker ant
     5 | D        | Noticed a siren
    15 | D        | Killed a siren
    15 | D        | Reached XP level 2. HP: 5/37 MP: 2/2
    15 | D        | Reached XP level 3. HP: 6/42 MP: 3/3
    15 | D        | Reached XP level 4. HP: 7/50 MP: 4/4
    15 | D        | Reached XP level 5. HP: 9/57 MP: 5/5
    15 | D        | Reached XP level 6. HP: 9/63 MP: 6/6
    39 | D        | Killed Menkaure
   519 | D        | Noticed a boulder beetle
   519 | D        | Noticed a boulder beetle
   523 | D        | Noticed a hippogriff
   523 | D        | Noticed a hippogriff
   528 | D        | Killed a hippogriff
   528 | D        | Reached ** piety under Trog
   531 | D        | Killed a hippogriff
   531 | D        | Reached skill level 10 in Fighting
   531 | D        | Your scales start taking on a pale cyan-grey colour.
   531 | D        | Reached XP level 7. HP: 72/72 MP: 7/7
   588 | D        | Reached *** piety under Trog
   753 | D        | Found Cokileppo's Distillery.
   753 | D        | Found Ettad's Antique Armour Shop.
   753 | D        | Found Togunaed's Food Boutique.
   753 | D        | Found Zeegag's Magic Scroll Shop.
   753 | D        | Found Jerchiesch's Weapon Boutique.
   753 | D        | Found Sato's Distillery.
   754 | D        | Found Veuk's Jewellery Boutique.
   754 | D        | Found Qenar's Antique Armour Shop.
   754 | D        | Found Hurree Coyk's Jewellery Boutique.
   755 | D        | Found Cusa's Gadget Shop.
   755 | D        | Found Wyneitel's Jewellery Boutique.
   755 | D        | Noticed a griffon
   757 | D        | Noticed a hell hog
   757 | D        | Found Hiepaega's Antique Weapon Boutique.
   757 | D        | Found Zotunkitz's General Store.
   757 | D        | Noticed a griffon
   757 | D        | Noticed an oklob plant
   758 | D        | Noticed a griffon
   758 | D        | Found Soraitz's Magic Scroll Shop.
   758 | D        | Found Nemampun's Book Shoppe.
   758 | D        | Found Vitaoc's Book Boutique.
   761 | D        | Noticed a hell hog
   765 | D        | Bought a potion of curing for 39 gold pieces
   765 | D        | Bought a potion of haste for 130 gold pieces
   765 | D        | Bought a potion of curing for 39 gold pieces
   782 | D        | Reached skill level 10 in Long Blades
   852 | D        | Slain by a boulder beetle

Skill      XL: |  1  2  3  4  5  6  7 |
---------------+----------------------+-----
Fighting       | 9 10 | 10.8
Long Blades    | 8 9 10 | 10.1
Dodging        | 7 8 9 |  9.2

Action                   |  1- 3 |  4- 6 |  7- 9 || total
-------------------------+-------+-------+-------++-------
Melee: Falchion          |     8 |     6 |    47 ||    61
       Tailslap          |     1 |     2 |    11 ||    14
Invok: Berserk           |     1 |     1 |     1 ||     3
  Use: Potion            |       |       |     2 ||     2
  Eat: Bread ration      |       |       |     1 ||     1
Armor: Skin              |       |     3 |     7 ||    10
Dodge: Dodged            |     3 |     3 |    35 ||    41
